 Dungeon Crawl Stone Soup version 0.23-b1-84-g6588a6b (webtiles) character file.

Game seed: 17592681796619882189

626050 rednit the Conqueror (level 27, -17/273 HPs)
             Began as a Minotaur Berserker on Feb 8, 2019.
             Was the Champion of Trog.
             Demolished by an Orb Guardian (21 damage)
             ... while petrified by an ancient lich
             ... on level 5 of the Realm of Zot on Feb 9, 2019.
             The game lasted 06:04:33 (65778 turns).

rednit the Conqueror (Minotaur Berserker)          Turns: 65778, Time: 06:04:34

Health: -17/273    AC: 37    Str: 32    XL:     27
Magic:  3/19       EV:  2    Int: 10    God:    Trog [******]
Gold:   1122       SH:  0    Dex: 10    Spells: 26/26 levels left

rFire    + + +     SeeInvis .   T - +8 war axe of Strategic Superiority {holy, rF+ rC+++ Int-4 Stlth+}
rCold    + + +     Gourm    .   m - +7 large shield of Tofeus {rElec rN+++ rCorr Slay-2}
rNeg     + + +     Faith    .   G - +9 plate armour
rPois    ∞         Spirit   .   (helmet restricted)
rElec    +         Reflect  +   P - scarf {repulsion}
rCorr    +         Harm     .   S - +0 pair of gloves "Caatz" {rF+ Int+6}
MR       ++...     Rnd*Rage +   d - +2 pair of boots of Yredelemnul's Pride {Int+2} Stlth ..........Rnd*Tele +
                                H - +3 amulet of reflection
HPRegen  0.55/turn              U - +4 ring of slaying
MPRegen  0.16/turn              A - ring "Tuleqit" {rPois rF+ Int+3 Dex+2}

@: about to teleport, petrified, berserk cooldown, slowed, repel missiles
A: retaliatory headbutt, horns 2, berserk 3, clumsy 2, dopey 1, low mp 1,
teleportitis 1
}: 3/15 runes: barnacled, silver, gossamer
a: Berserk, Trog's Hand, Brothers in Arms, Renounce Religion


You were on level 5 of the Realm of Zot.
You worshipped Trog.
Trog was exalted by your worship.
You were full.

You visited 9 branches of the dungeon, and saw 48 of its levels.

You collected 6368 gold pieces.
You spent 5246 gold pieces at shops.

Inventory:

Hand Weapons
 v - the +7 scimitar of the Slime-mould {pain, *Noise rElec rPois rC+}
   (You took it off a deep elf sorcerer on level 5 of the Depths)

   In the hands of one skilled in necromantic magic, it inflicts extra damage on
   living creatures.
   It protects you from cold.
   It insulates you from electricity.
   It protects you from poison.
   It may make noises in combat.
 T - the +8 war axe of Strategic Superiority (weapon) {holy, rF+ rC+++ Int-4 Stlth+}
   (You found it on level 10 of the Dungeon)

   It has been blessed by the Shining One to cause great damage to the undead
   and demons.
   It affects your intelligence (-4).
   It protects you from fire.
   It renders you almost immune to cold.
   It makes you more stealthy.
Armour
 d - the +2 pair of boots of Yredelemnul's Pride (worn) {Int+2}
   (You acquired it on level 10 of the Dungeon)

   It affects your intelligence (+2).
 m - the +7 large shield of Tofeus (worn) {rElec rN+++ rCorr Slay-2}
   (You took it off Louise on level 4 of the Spider Nest)

   It affects your accuracy and damage with ranged weapons and melee attacks
   (-2).
   It insulates you from electricity.
   It renders you almost immune to negative energy.
   It provides partial protection from all sources of acid and corrosion.
 G - a +9 plate armour (worn)
 P - a scarf of repulsion (worn)
 S - the +0 pair of gloves "Caatz" (worn) {rF+ Int+6}
   (You found it on level 5 of the Lair of Beasts)

   It affects your intelligence (+6).
   It protects you from fire.
 V - the +2 shield of Resistance {rF+ rC+ MR+}
   (You found it on level 10 of the Dungeon)

   It protects you from fire.
   It protects you from cold.
   It affects your resistance to hostile enchantments.
Jewellery
 A - the ring "Tuleqit" (right hand) {rPois rF+ Int+3 Dex+2}
   (You took it off a tengu on level 5 of the Vaults)

   [ring of dexterity]

   It affects your intelligence (+3).
   It affects your dexterity (+2).
   It protects you from fire.
   It protects you from poison.
 H - a +3 amulet of reflection (around neck)
 I - the ring of Phasing {EV+8}
   (You found it on level 5 of the Lair of Beasts)

   [ring of evasion]

   It affects your evasion (+8).
 U - a +4 ring of slaying (left hand)
 W - an uncursed ring of ice
 X - an uncursed ring of see invisible
Wands
 i - a wand of random effects (20)
 j - a wand of polymorph (6)
 l - a wand of clouds (5)
 s - a wand of iceblast (63)
 D - a wand of digging (11)
 J - a wand of paralysis (25)
 L - a wand of flame (54)
 Q - a wand of disintegration (18)
Scrolls
 e - 7 scrolls of teleportation
 g - 3 scrolls of brand weapon
 k - 6 scrolls of acquirement
 p - 4 scrolls of enchant armour
 q - 3 scrolls of summoning
 r - 25 scrolls of remove curse
 x - 10 scrolls of enchant weapon
 y - 4 scrolls of magic mapping
 B - a scroll of holy word
 K - 4 scrolls of immolation
 N - 19 scrolls of identify
 R - 5 scrolls of fear
 Y - 6 scrolls of blinking
Potions
 a - 5 potions of magic
 b - 9 potions of curing
 f - 8 potions of flight
 o - 2 potions of resistance
 t - 5 potions of might
 u - 7 potions of agility
 z - 12 potions of haste
 E - a potion of cancellation
 M - 2 potions of berserk rage
 O - 4 potions of ambrosia
 Z - 8 potions of heal wounds
Miscellaneous
 h - a lightning rod (4/4)
 n - a lamp of fire
 w - a phial of floods
 C - a lightning rod (4/4)
 F - 3 phantom mirrors
Comestibles
 c - 34 rations


   Skills:
 O Level 27 Fighting
 - Level 20.0 Axes
 O Level 27 Armour
 O Level 27 Dodging
 + Level 20.0 Shields


You had 26 spell levels left.
You didn't know any spells.
Your spell library was empty.

Dungeon Overview and Level Annotations

Branches:
Dungeon (15/15)            Temple (0/1) D:6            Lair (6/6) D:10
 Shoals (4/4) Lair:4       Spider (4/4) Lair:4        Slime (0/5) Lair:5
    Orc (2/2) D:11            Elf (2/3) Orc:2        Vaults (5/5) D:14
  Crypt (0/3) Vaults:2     Depths (5/5) D:15            Zot (5/5) Depths:5

Altars:
Ashenzari
Cheibriados
Elyvilon
Fedhas
Hepliaklqana
Kikubaaqudgha
Nemelex Xobeh
Sif Muna
Zin
The Shining One
Beogh
Jiyva

Shops:
D:12 %   Orc:2 (![[   Elf:2 ?   Shoals:4 :   Vaults:2 %   Vaults:4 [[*
Depths:4 [

Portals:
Hell: Depths:1 Depths:2 Depths:3 Depths:4 Depths:5
Abyss: Depths:1 Depths:4
Pandemonium: Depths:1 Depths:3 Depths:4
Ziggurat: Depths:4

Annotations:
D:10 1 runed translucent door
Lair:4 exclusion: oklob plant
Lair:5 exclusion: oklob plant


Innate Abilities, Weirdness & Mutations

You reflexively headbutt those who attack you in melee.
You have a pair of horns on your head.
You have an uncontrollable temper.
You are very clumsy. (Dex -4)
You are dopey. (Int -2)
Your magical capacity is low. (-10% MP)
You are occasionally teleported next to monsters.


Message History

You are slowing down.
The orb of fire glows deep purple.
Strange energies course through your body.
You feel extremely angry at everything!
The orb of fire emits a lurid red light.
The bolt of fire hits you. You resist.
* * * LOW HITPOINT WARNING * * *
The ancient lich touches you!
* * * LOW HITPOINT WARNING * * *
The Killer Klown blinks!
The Orb Guardian hits you!!!
* * * LOW HITPOINT WARNING * * *
The ancient lich touches you but does no damage.
The Orb Guardian hits you!!
* * * LOW HITPOINT WARNING * * *
The ancient lich points at you and mumbles some strange words.
You struggle to resist.
A red draconian comes into view. It is wielding a +0 trident.
You have turned to stone.
The Orb Guardian hits you!!!
You die...

. ....
#▓▓▓▓▓▓▓▓▓▓▓##....8
###...ddddXXL@.......
##....##..†.***X......
###...###.)...qX........
.....###................
....## #................
....# #...^...........^
...## #................
...# #.....$..........
...## #.......^......


You could see 3 orbs of fire, a red draconian monk, an ancient lich, a black
draconian, 2 draconians, a red draconian and 4 Orb Guardians.

Vanquished Creatures
  2 orbs of fire
  4 ancient liches (Zot:5)
  Sojobo (Depths:3)
  The ghost of quaternion the Impregnable, a veteran MiFi of Makhleb (Vaults:3)
  2 Killer Klowns
  4 caustic shrikes (Depths:5)
  A curse toe (Zot:3)
  9 golden dragons
  Nikola (Spider:3)
  the Enchantress (Depths:2)
  2 electric golems
  Arachne (Spider:2)
  16 tentacled monstrosities
  21 Orb Guardians (Zot:5)
  Asterion (Vaults:3)
  7 titans
  A deep elf blademaster (Elf:2)
  5 liches
  9 quicksilver dragons
  10 death cobs
  An ancient champion (Vaults:2)
  7 sphinxes
  2 thorn hunters (Depths:2)
  8 shadow dragons
  The ghost of Lightli the Severer, an adept HOBe of Trog (D:15)
  12 storm dragons
  9 tengu reavers
  Roxanne (D:14)
  5 draconian knights
  4 draconian monks
  4 deep elf sorcerers
  11 fire giants
  Louise (Spider:4)
  3 iron dragons
  3 draconian scorchers
  6 ghost moths
  6 emperor scorpions
  19 vault wardens
  A caustic shrike zombie (D:15)
  2 deep elf elementalists
  16 frost giants
  7 draconian shifters
  A ghoul (Vaults:2)
  2 draconian stormcallers
  3 spriggan defenders
  2 angels (Elf:2)
  18 very ugly things
  4 draconian annihilators
  21 ironheart preservers
  The ghost of Mumum the Arsonist, a journeyman DrFE of Vehumet (Lair:5)
  11 green draconians
  23 stone giants
  3 vampire knights
  7 entropy weavers
  Azrael (Spider:3)
  13 black draconians
  3 deep elf demonologists
  8 purple draconians
  4 yellow draconians
  2 deep elf annihilators
  A minotaur (shapeshifter) (Vaults:5)
  11 red draconians
  14 spark wasps
  5 white draconians
  A green death (Depths:1)
  6 merfolk javelineers
  15 ettins
  Josephine (D:14)
  4 jiangshi
  12 fire dragons
  2 deep elf high priests
  15 yaktaur captains
  4 deep elf death magi
  38 vault guards
  A great orb of eyes (shapeshifter) (D:15)
  10 merfolk impalers
  8 great orbs of eyes
  Harold (D:9)
  A hell beast (Depths:4)
  10 rakshasas
  15 ice dragons
  5 spriggan air magi
  2 hydras
  An alligator snapping turtle (Shoals:4)
  2 catoblepae (Shoals:3)
  4 merfolk avatars
  8 centaur warriors
  9 death yaks
  2 death knights
  5 tengu warriors
  73 two-headed ogres
  4 deep troll shamans
  5 spriggan berserkers
  2 merfolk aquamancers (Shoals:4)
  23 dancing weapons
  7 vampire magi
  An anaconda (shapeshifter) (Depths:4)
  3 satyrs
  26 ogre magi
  8 deep troll earth magi
  A titan zombie (D:15)
  A shock serpent (shapeshifter) (Vaults:1)
  An orc high priest (Orc:2)
  A sun demon (Depths:4)
  22 deep elf knights
  A storm dragon zombie (D:15)
  2 shadow wraiths
  10 hell knights
  8 skeletal warriors
  A fire crab (shapeshifter) (Depths:5)
  2 spark wasp zombies (Depths:5)
  19 deep trolls
  A small abomination (Vaults:4)
  7 sea snakes
  2 unseen horrors
  A glowing orange brain (shapeshifter) (Depths:3)
  7 glowing orange brains
  2 flayed ghosts
  4 necromancers
  6 phantasmal warriors
  A lindwurm (Lair:6)
  A lindwurm (shapeshifter) (Vaults:1)
  2 deep elf archers
  16 ironbrand convokers
  4 wizards
  14 harpies
  34 deep elf magi
  20 orc knights
  3 orc sorcerers
  A shining eye (shapeshifter) (Depths:5)
  23 orb spiders
  14 fauns
  Pikel (D:8)
  A moth of wrath (shapeshifter) (Depths:5)
  31 ugly things
  23 moths of wrath
  29 wolf spiders
  11 cyclopes
  18 manticores
  3 centaur zombies
  10 merfolk sirens
  10 elephants
  2 rust devils
  8 water nymphs
  An eye of devastation (Vaults:1)
  3 molten gargoyles (Lair:6)
  4 black mambas
  3 gargoyles
  6 spiny frogs
  13 vault sentinels
  An eye of devastation (shapeshifter) (Depths:5)
  A spiny frog (shapeshifter) (Depths:5)
  4 torpor snails
  A storm dragon simulacrum (Vaults:2)
  A yaktaur (shapeshifter) (Vaults:2)
  2 rime drakes
  A hellwing (Depths:1)
  An efreet (D:15)
  19 demonic crawlers
  41 yaktaurs
  2 ice devils
  5 freezing wraiths
  11 komodo dragons
  8 trolls
  2 polar bears
  4 tengu conjurers
  A troll (shapeshifter) (Vaults:1)
  A jumping spider (shapeshifter) (Depths:3)
  3 meliai (D:13)
  32 jumping spiders
  27 merfolk
  A hornet (shapeshifter) (D:10)
  6 wind drakes
  14 hornets
  10 blink frogs
  A dream sheep (shapeshifter) (Vaults:5)
  19 dream sheep
  19 hippogriffs
  29 slime creatures
  A meliai zombie (D:15)
  A hippogriff (shapeshifter) (Vaults:5)
  9 snapping turtles
  7 wraiths
  An air elemental (Elf:2)
  A centaur simulacrum (D:15)
  66 redbacks
  A spriggan (Depths:5)
  A spriggan skeleton (D:15)
  45 tarantellas
  A tarantella (shapeshifter) (Vaults:5)
  7 water elementals
  3 shadows
  3 vampires
  6 wyverns
  35 yaks
  Grum (D:9)
  6 fire elementals
  A hog (shapeshifter) (D:15)
  8 basilisks
  3 chaos spawn (Depths:1)
  4 hungry ghosts
  A soldier ant (D:13)
  8 water moccasins
  5 wargs
  An acid dragon (shapeshifter) (Vaults:3)
  5 acid dragons
  7 hell hounds
  A porcupine (shapeshifter) (Vaults:5)
  9 porcupines
  2 ice beasts
  4 phantoms
  2 slaves (D:8)
  A sky beast (D:6)
  2 black bears
  An ice beast (shapeshifter) (Vaults:5)
  38 orc warriors
  An eye of draining (D:12)
  2 eyes of draining (shapeshifter)
  A necrophage (D:12)
  68 ogres
  2 wolves (D:9)
  A tengu (shapeshifter) (Vaults:5)
  An ogre (shapeshifter) (Vaults:3)
  17 boggarts
  10 crocodiles
  12 centaurs
  A big kobold (shapeshifter) (Depths:1)
  23 bullfrogs
  3 big kobolds
  A wyvern zombie (D:13)
  An earth elemental (Elf:2)
  A water moccasin skeleton (D:10)
  A scorpion (shapeshifter) (Vaults:5)
  5 scorpions
  18 killer bees
  10 wights
  7 howler monkeys
  3 electric eels
  A bullfrog zombie (D:13)
  8 crimson imps
  5 lava snakes (Lair:6)
  8 jellies
  A quasit (D:5)
  2 iron imps (Depths:1)
  4 centaur skeletons
  6 hounds
  20 orc priests
  30 orc wizards
  Terence (D:3)
  12 human skeletons (Vaults:2)
  6 iguanas
  11 worker ants
  A hound zombie (D:8)
  A hound skeleton (D:10)
  A worker ant zombie (D:11)
  11 gnolls
  A howler monkey skeleton (D:4)
  11 adders
  3 shadow imps
  3 white imps (Depths:1)
  5 oozes (D:10)
  An adder skeleton (D:10)
  3 worms
  5 dart slugs
  5 leopard geckos
  106 orcs
  2 ball pythons
  6 giant cockroaches
  11 goblins
  3 hobgoblins
  9 jackals
  20 kobolds
  4 quokkas
  4 bats
  3 frilled lizards
  A giant cockroach zombie (D:5)
  A jackal skeleton (D:4)
  A leopard gecko skeleton (D:3)
  A leopard gecko zombie (D:9)
  A quokka skeleton (D:4)
  5 rats
  5 briar patches (Depths:2)
  2 crawling corpses (Vaults:5)
  3 fungi
  17 plants
2254 creatures vanquished.

Vanquished Creatures (collateral kills)
  A golden dragon (Zot:4)
  A shadow dragon (Zot:4)
  An emperor scorpion (Spider:4)
3 creatures vanquished.

Vanquished Creatures (others)
  A frost giant (Depths:5)
  A vault warden (Vaults:5)
  An iron dragon (Vaults:1)
  A ghost moth (Zot:2)
  2 merfolk javelineers (Shoals:4)
  2 yaktaur captains
  An ogre mage (Vaults:4)
  A dancing weapon (Vaults:5)
  A deep elf knight (Vaults:2)
  An orb spider (Spider:3)
  A cyclops (Vaults:1)
  7 yaktaurs
  2 boggarts
  2 centaurs
  An orc (Orc:2)
  3 briar patches (Depths:2)
  6 fungi (Lair:6)
  37 plants
71 creatures vanquished.

Grand Total: 2328 creatures vanquished

Notes
Turn   | Place    | Note
-------+----------+-------------------------------------------
     0 | D:1      | rednit the Minotaur Berserker began the quest for the Orb.
     0 | D:1      | Reached XP level 1. HP: 19/19 MP: 0/0
   328 | D:1      | Reached XP level 2. HP: 22/27 MP: 1/1
  1223 | D:2      | Reached XP level 3. HP: 30/33 MP: 2/2
  1233 | D:2      | Reached XP level 4. HP: 18/40 MP: 3/3
  1462 | D:2      | Reached skill level 5 in Axes
  1680 | D:2      | Reached ** piety under Trog
  2077 | D:3      | Reached XP level 5. HP: 44/47 MP: 4/4
  2784 | D:3      | Noticed Terence
  2792 | D:3      | Killed Terence
  2792 | D:3      | Reached skill level 5 in Fighting
  2831 | D:3      | Reached XP level 6. HP: 56/56 MP: 5/5
  3018 | D:3      | Reached *** piety under Trog
  3824 | D:4      | Found a hazy altar of Hepliaklqana.
  3831 | D:4      | Reached skill level 5 in Armour
  3831 | D:4      | Reached XP level 7. HP: 52/62 MP: 6/6
  4064 | D:5      | Entered Level 5 of the Dungeon
  5046 | D:5      | Reached XP level 8. HP: 70/71 MP: 7/7
  5428 | D:6      | Found a staircase to the Ecumenical Temple.
  5812 | D:6      | Reached **** piety under Trog
  6052 | D:6      | Found a shattered altar of Ashenzari.
  6052 | D:6      | Found an ancient bone altar of Kikubaaqudgha.
  6057 | D:6      | Found a faded altar of an unknown god.
  6059 | D:6      | Found a blossoming altar of Fedhas.
  6060 | D:6      | Found a faded altar of an unknown god.
  6400 | D:7      | Reached skill level 10 in Axes
  6771 | D:7      | Reached XP level 9. HP: 78/81 MP: 8/8
  6942 | D:7      | Got a transparent flail
  7504 | D:7      | Found a sparkling altar of Nemelex Xobeh.
  7748 | D:8      | Found a white marble altar of Elyvilon.
  7811 | D:8      | Identified the +6 flail of the Big Fish {crush, Int+2 SInv}
                  | (You found it on level 7 of the Dungeon)
  7861 | D:8      | Noticed Pikel
  7872 | D:8      | Killed Pikel
  8870 | D:9      | Reached XP level 10. HP: 85/91 MP: 9/9
  9159 | D:9      | Reached ***** piety under Trog
  9445 | D:9      | Noticed Harold
  9461 | D:9      | Killed Harold
  9461 | D:9      | Reached skill level 10 in Fighting
  9698 | D:9      | Noticed Grum
  9708 | D:9      | Killed Grum
  9970 | D:10     | Entered Level 10 of the Dungeon
  9992 | D:10     | Found a staircase to the Lair.
 10038 | D:10     | Found a runed translucent door.
 10039 | D:10     | Noticed an ice dragon
 10041 | D:10     | Noticed a fire dragon
 10042 | D:10     | Noticed an ice dragon
 10043 | D:10     | Noticed a fire dragon
 10046 | D:10     | Found the +2 shield of Resistance {rF+ rC+ MR+}
 10053 | D:10     | Got a scorched war axe
 10054 | D:10     | Lost intelligence.
 10054 | D:10     | Identified the +8 war axe of Strategic Superiority {holy,
                  | rF+ rC+++ Int-4 Stlth+} (You found it on level 10 of the
                  | Dungeon)
 10235 | D:10     | Noticed a two-headed ogre
 10243 | D:10     | Killed a two-headed ogre
 10243 | D:10     | Reached skill level 10 in Armour
 10675 | D:10     | Reached XP level 11. HP: 83/101 MP: 10/10
 10781 | D:10     | Killed an unseen horror
 10999 | D:10     | Identified the Collected Works on Venomous Feathers
 11133 | D:10     | Found a runed translucent door.
 11235 | D:10     | Killed an ice dragon
 11238 | D:10     | Killed an ice dragon
 11243 | D:10     | Killed a fire dragon
 11244 | D:10     | Killed a fire dragon
 11244 | D:10     | Reached skill level 15 in Axes
 11642 | D:11     | Noticed a deep elf mage
 11649 | D:11     | Killed a deep elf mage
 11889 | D:11     | Found a staircase to the Orcish Mines.
 11919 | D:11     | Noticed a red ugly thing
 11929 | D:11     | Killed a red ugly thing
 12142 | D:11     | Received a gift from Trog
 12201 | D:11     | Got a scorched shortbow {god gift}
 12258 | D:11     | Noticed a green ugly thing
 12259 | D:11     | Noticed a white ugly thing
 12266 | D:11     | Killed a green ugly thing
 12266 | D:11     | Reached XP level 12. HP: 84/112 MP: 11/11
 13088 | D:12     | Found Etum's Food Boutique.
 13455 | D:12     | Found a deep blue altar of Sif Muna.
 13864 | D:13     | Reached ****** piety under Trog
 14366 | D:13     | Received a gift from Trog
 14533 | D:13     | Noticed a two-headed ogre
 14546 | D:13     | Killed a two-headed ogre
 15570 | D:14     | Noticed a two-headed ogre
 15578 | D:14     | Killed a two-headed ogre
 15808 | D:14     | Noticed a death knight
 15817 | D:14     | Reached XP level 13. HP: 122/122 MP: 12/12
 16209 | D:14     | You fall through a shaft!
 16209 | D:15     | Entered Level 15 of the Dungeon
 16209 | D:15     | Noticed a deep elf annihilator
 16210 | D:15     | Noticed a fire dragon
 16210 | D:15     | an anaconda changed into a fire dragon
 16212 | D:15     | Noticed an ettin
 16215 | D:15     | Killed a deep elf annihilator
 16216 | D:15     | Noticed an entropy weaver
 16216 | D:15     | a fire dragon changed into an entropy weaver
 16220 | D:15     | an entropy weaver changed into a great orb of eyes
 16225 | D:15     | Killed an ettin
 16662 | D:15     | Received a gift from Trog
 17037 | D:15     | Found a staircase to the Depths.
 17239 | D:15     | Found a runed translucent door.
 17248 | D:15     | Noticed Lightli's ghost (adept HOBe)
 17707 | D:15     | Killed Lightli's ghost
 17755 | D:15     | Identified The Last Secrets of Sorcery
 17874 | Lair:1   | Entered Level 1 of the Lair of Beasts
 17891 | D:10     | Identified a scroll of acquirement
 17892 | D:10     | Got a pair of translucent boots
 17903 | D:10     | Identified the +2 pair of boots of Yredelemnul's Pride
                  | {Int+2} (You acquired it on level 10 of the Dungeon)
 18553 | Lair:2   | Reached XP level 14. HP: 132/133 MP: 13/13
 19968 | Lair:3   | Reached skill level 15 in Fighting
 20353 | Lair:3   | Found a glowing golden altar of the Shining One.
 20763 | Lair:4   | Found a staircase to the Shoals.
 20902 | Lair:4   | Found a hole to the Spider Nest.
 21977 | Lair:5   | Reached skill level 15 in Armour
 22074 | Lair:5   | Found the ring of Phasing {EV+8}
 22157 | Lair:5   | Found a dark tunnel.
 22211 | Lair:5   | Found a runed translucent gate.
 22211 | Lair:5   | Found a runed translucent gate.
 22212 | Lair:5   | Found a runed translucent gate.
 22236 | Lair:5   | Received a gift from Trog
 22242 | Lair:5   | Got a crude battleaxe {god gift}
 22294 | Lair:5   | Found a staircase to the Slime Pits.
 22295 | Lair:5   | Found a viscous altar of Jiyva.
 22421 | Lair:5   | Got a pair of ancient gloves
 22427 | Lair:5   | Identified the +0 pair of gloves "Caatz" {rF+ Int+6} (You
                  | found it on level 5 of the Lair of Beasts)
 22439 | Lair:5   | Noticed Mumum's ghost (journeyman DrFE)
 22744 | Lair:5   | Killed Mumum's ghost
 23000 | Lair:6   | Entered Level 6 of the Lair of Beasts
 23254 | Lair:6   | Found a large runed translucent door.
 23507 | Lair:6   | Found a large runed translucent door.
 23868 | Lair:6   | Reached XP level 15. HP: 145/145 MP: 14/14
 24502 | Lair:6   | Identified the +1 battleaxe of the Elven Halls {chop,
                  | +Blink rElec} (Trog gifted it to you on level 5 of the Lair
                  | of Beasts)
 24734 | Orc:1    | Entered Level 1 of the Orcish Mines
 24746 | Orc:1    | Found a roughly hewn altar of Beogh.
 25229 | Orc:2    | Entered Level 2 of the Orcish Mines
 25260 | Orc:2    | Found a staircase to the Elven Halls.
 25265 | Orc:2    | Reached skill level 1 in Shields
 25272 | Orc:2    | Received a gift from Trog
 25545 | Orc:2    | Found Cisugebb's Distillery.
 25545 | Orc:2    | Found Healaappe's Armour Emporium.
 25546 | Orc:2    | Found Cucof's Antique Weapon Shoppe.
 25546 | Orc:2    | Found Gengeomn's Armour Boutique.
 25559 | Orc:2    | Paralysed by an ogre mage for 6 turns
 25886 | Orc:2    | Reached skill level 5 in Shields
 25952 | Orc:2    | Found a flickering gateway to a bazaar.
 25976 | Orc:2    | Bought a +0 scale mail of poison resistance for 96 gold
                  | pieces
 26474 | Spider:1 | Entered Level 1 of the Spider Nest
 26493 | Spider:1 | Received a gift from Trog
 27105 | Spider:1 | Reached XP level 16. HP: 93/157 MP: 15/15
 28163 | Spider:2 | Received a gift from Trog
 28507 | Spider:2 | Noticed Arachne
 28518 | Spider:2 | Killed Arachne
 28594 | Spider:2 | Reached skill level 10 in Shields
 28637 | Spider:2 | HP: 7/158 [disintegration (39)]
 29103 | Spider:2 | Reached skill level 5 in Dodging
 30282 | Spider:3 | Noticed Nikola
 30293 | Spider:3 | Killed Nikola
 31346 | Spider:3 | Noticed Azrael
 31369 | Spider:3 | Killed Azrael
 31369 | Spider:3 | Received a gift from Trog
 31825 | Spider:4 | Entered Level 4 of the Spider Nest
 32458 | Spider:4 | Reached XP level 17. HP: 166/166 MP: 16/16
 32733 | Spider:4 | Received a gift from Trog
 33326 | Spider:4 | Identified the +7 large shield of Tofeus {rElec rN+++ rCorr
                  | Slay-2}
 33326 | Spider:4 | Noticed Louise
 33340 | Spider:4 | Killed Louise
 34077 | Spider:4 | Got a gossamer rune of Zot
 34446 | Orc:2    | Bought a potion of curing for 42 gold pieces
 34446 | Orc:2    | Bought a potion of curing for 42 gold pieces
 34446 | Orc:2    | Bought a potion of curing for 42 gold pieces
 34446 | Orc:2    | Bought a potion of haste for 140 gold pieces
 34446 | Orc:2    | Bought a potion of curing for 42 gold pieces
 34615 | Shoals:1 | Entered Level 1 of the Shoals
 36039 | Shoals:2 | Received a gift from Trog
 36506 | Shoals:3 | Found a frozen archway.
 37185 | Shoals:3 | Reached XP level 18. HP: 106/178 MP: 17/17
 37499 | Shoals:4 | Entered Level 4 of the Shoals
 37590 | Shoals:4 | Received a gift from Trog
 37919 | Shoals:4 | Found the +10 dark maul {crush}
 38156 | Shoals:4 | Reached skill level 15 in Shields
 38419 | Shoals:4 | Found Cuotimus's Book Shop.
 38438 | Shoals:4 | Bought a manual of Armour for 2097 gold pieces
 38727 | Shoals:4 | Got a spiked scale mail
 38918 | Shoals:4 | Got a barnacled rune of Zot
 39030 | Shoals:4 | Received a gift from Trog
 39450 | Depths:1 | Entered Level 1 of the Depths
 39468 | Depths:1 | Reached skill level 10 in Dodging
 39789 | Depths:1 | Found a one-way gate to the infinite horrors of the Abyss.
 39847 | Depths:1 | Received a gift from Trog
 39875 | Depths:1 | Reached XP level 19. HP: 102/188 MP: 18/18
 40144 | Depths:1 | Identified the cursed +1 scale mail "Kerphax" {rElec rF+}
                  | (You found it on level 4 of the Shoals)
 40145 | Depths:1 | Identified the +10 hand axe of Trog's Approval {freeze,
                  | Int+6} (Trog gifted it to you on level 1 of the Depths)
 40194 | Depths:1 | Found a gateway to Hell.
 40352 | Depths:1 | Found a one-way gate leading to the halls of Pandemonium.
 40407 | Depths:1 | Noticed a Tzitzimitl
 41530 | Depths:2 | Received a gift from Trog
 42529 | Depths:2 | Identified the +4 faerie dragon scales {rCorr Str+3}
 42529 | Depths:2 | Noticed the Enchantress
 43184 | Depths:2 | Killed the Enchantress
 43594 | Depths:3 | Noticed Sojobo
 43626 | Depths:3 | Killed Sojobo
 43882 | Depths:3 | Identified the +7 spear of Cewe {distort, rF+ rC++ rN+
                  | Int-4}
 43916 | Depths:3 | Received a gift from Trog
 44178 | Depths:3 | Reached XP level 20. HP: 200/200 MP: 19/19
 45294 | Depths:4 | Found a gateway to a ziggurat.
 45342 | Depths:4 | Received a gift from Trog
 45429 | Depths:4 | Found a snail-covered altar of Cheibriados.
 46561 | Depths:4 | Noticed a golden dragon
 46574 | Depths:4 | Killed a golden dragon
 46741 | Depths:4 | Found Saptetag's Antique Armour Boutique.
 47217 | Depths:5 | Entered Level 5 of the Depths
 47232 | Depths:5 | Paralysed by a sphinx for 5 turns
 47243 | Depths:5 | Received a gift from Trog
 47335 | Depths:5 | Reached XP level 21. HP: 197/211 MP: 20/20
 47438 | Depths:5 | Noticed a caustic shrike
 47445 | Depths:5 | Killed a caustic shrike
 47874 | Depths:5 | Identified the +9 short sword of Wrath {venom, rElec rPois
                  | rF++ Str-5}
 48103 | Depths:5 | Noticed a caustic shrike
 48118 | Depths:5 | Killed a caustic shrike
 48212 | Depths:5 | Noticed a caustic shrike
 48212 | Depths:5 | Noticed a caustic shrike
 48212 | Depths:5 | Noticed a caustic shrike
 48230 | Depths:5 | Received a gift from Trog
 48395 | Depths:5 | Noticed a caustic shrike
 48411 | Depths:5 | Killed a caustic shrike
 48777 | Depths:5 | Noticed a caustic shrike
 49341 | Depths:5 | Found a gate to the Realm of Zot.
 49379 | Depths:5 | Killed a caustic shrike
 49496 | Depths:5 | Identified the +1 scimitar "Azyonwig" {pain, rN++ Int+4
                  | Dex+3}
 49522 | Depths:5 | Identified the +7 scimitar of the Slime-mould {pain, *Noise
                  | rElec rPois rC+}
 50310 | D:14     | Noticed Josephine
 50315 | D:14     | Killed Josephine
 50367 | D:14     | Identified Roxanne's Papyrus of Stones
 50367 | D:14     | Noticed Roxanne
 50385 | D:14     | Killed Roxanne
 50547 | D:14     | Found a gate to the Vaults.
 50619 | Vaults:1 | Entered Level 1 of the Vaults
 50646 | Vaults:1 | Received a gift from Trog
 50660 | Vaults:1 | Reached XP level 22. HP: 224/224 MP: 21/21
 51246 | Vaults:1 | Identified the Compendium of the Virous Frostbite
 51614 | Vaults:1 | Received a gift from Trog
 52599 | Vaults:1 | Reached skill level 15 in Dodging
 52803 | Vaults:2 | Received a gift from Trog
 52824 | Vaults:2 | Found Zofaibat's Food Boutique.
 53297 | Vaults:2 | Found a staircase to the Crypt.
 53654 | Vaults:2 | Received a gift from Trog
 53877 | Vaults:2 | Identified the +5 quarterstaff of Distraction {protect,
                  | rF++}
 54233 | Vaults:3 | Reached XP level 23. HP: 218/236 MP: 22/22
 54593 | Vaults:3 | Found a large runed translucent door.
 54593 | Vaults:3 | Found a large runed translucent door.
 54593 | Vaults:3 | Noticed quaternion's ghost (veteran MiFi)
 54622 | Vaults:3 | Killed quaternion's ghost
 54697 | Vaults:3 | Received a gift from Trog
 54735 | Vaults:3 | Noticed Asterion
 54746 | Vaults:3 | Killed Asterion
 55419 | Vaults:4 | Found Voitoi's Assorted Antiques.
 55445 | Vaults:4 | Bought a potion of heal wounds for 210 gold pieces
 55445 | Vaults:4 | Bought a potion of curing for 126 gold pieces
 56079 | Vaults:4 | Received a gift from Trog
 56566 | Vaults:4 | Found Jeumaett's Antique Armour Shoppe.
 56569 | Vaults:4 | Bought the +10 Black Knight's horse barding {ponderous,
                  | rPois rN+} for 2409 gold pieces
 56569 | Vaults:4 | Found the +10 Black Knight's horse barding {ponderous,
                  | rPois rN+}
 56600 | Vaults:4 | Found Ciriss's Armour Shoppe.
 57016 | Elf:1    | Entered Level 1 of the Elven Halls
 57060 | Elf:1    | You fall through a shaft!
 57084 | Elf:2    | Reached skill level 27 in Fighting
 57120 | Elf:2    | Found a huge runed translucent gate.
 57120 | Elf:2    | Found a huge runed translucent gate.
 57120 | Elf:2    | Found a huge runed translucent gate.
 57121 | Elf:2    | Found a huge runed translucent gate.
 57122 | Elf:2    | Found a huge runed translucent gate.
 57215 | Elf:2    | Received a gift from Trog
 57448 | Elf:2    | Found a glowing silver altar of Zin.
 57448 | Elf:2    | Found a ruined gateway.
 57448 | Elf:2    | Found a glowing golden altar of the Shining One.
 57472 | Elf:2    | Found Kyeshraocs's Magic Scroll Shop.
 57553 | Elf:2    | Found a white marble altar of Elyvilon.
 57557 | Elf:2    | Found an ancient bone altar of Kikubaaqudgha.
 57673 | Elf:2    | Reached XP level 24. HP: 245/249 MP: 22/22
 57782 | Elf:2    | Found a runed translucent door.
 58071 | Elf:2    | Identified the Papyrus of Ice
 58144 | Elf:1    | Received a gift from Trog
 58563 | Vaults:5 | Entered Level 5 of the Vaults
 58611 | Vaults:5 | Identified the ring "Tuleqit" {rPois rF+ Int+3 Dex+2}
 58658 | Vaults:5 | Received a gift from Trog
 58857 | Vaults:5 | Identified the +11 spear "Earthworm" {protect, rN++ Dex-4}
 59909 | Vaults:5 | Received a gift from Trog
 59926 | Vaults:5 | Identified the +4 hunting sling of Likyr {freeze, rC-
                  | Int+6}
 59964 | Vaults:5 | Identified the +1 morningstar "Pendulum" {protect, -Tele
                  | rPois rN++ Stlth+}
 60212 | Vaults:5 | Reached XP level 25. HP: 254/257 MP: 22/22
 60329 | Vaults:5 | Got a silver rune of Zot
 61005 | Zot:1    | Entered Level 1 of the Realm of Zot
 61606 | Zot:1    | Reached skill level 27 in Armour
 62165 | Zot:2    | Received a gift from Trog
 63038 | Zot:3    | Noticed a Killer Klown
 63084 | Zot:3    | Killed a Killer Klown
 63458 | Zot:3    | Received a gift from Trog
 64178 | Zot:4    | Reached XP level 26. HP: 251/266 MP: 22/22
 64730 | Zot:4    | Noticed an orb of fire
 64748 | Zot:4    | Killed an orb of fire
 65495 | Zot:5    | Entered Level 5 of the Realm of Zot
 65511 | Zot:5    | Received a gift from Trog
 65712 | Zot:5    | Noticed an orb of fire
 65714 | Zot:5    | Noticed an ancient lich
 65718 | Zot:5    | Noticed an ancient lich
 65721 | Zot:5    | Gained mutation: You are dopey. (Int -2) [an orb of fire]
 65723 | Zot:5    | Gained mutation: You are occasionally teleported next to
                  | monsters. [an orb of fire]
 65725 | Zot:5    | Killed an orb of fire
 65727 | Zot:5    | Killed an ancient lich
 65728 | Zot:5    | Noticed an ancient lich
 65729 | Zot:5    | Noticed an ancient lich
 65734 | Zot:5    | Killed an ancient lich
 65738 | Zot:5    | Killed an ancient lich
 65745 | Zot:5    | Killed an ancient lich
 65750 | Zot:5    | Reached XP level 27. HP: 237/273 MP: 0/22
 65753 | Zot:5    | Noticed an orb of fire
 65754 | Zot:5    | Gained mutation: You tend to lose your temper in combat.
                  | [an orb of fire]
 65755 | Zot:5    | Noticed an ancient lich
 65757 | Zot:5    | Noticed an orb of fire
 65761 | Zot:5    | Noticed an orb of fire
 65765 | Zot:5    | Gained mutation: You are clumsy. (Dex -2) [an orb of fire]
 65766 | Zot:5    | Reached skill level 27 in Dodging
 65770 | Zot:5    | Gained mutation: You are very clumsy. (Dex -4) [an orb of
                  | fire]
 65771 | Zot:5    | Gained mutation: Your magical capacity is low. (-10% MP)
                  | [an orb of fire]
 65773 | Zot:5    | Gained mutation: You often lose your temper in combat. [an
                  | orb of fire]
 65776 | Zot:5    | Gained mutation: You have an uncontrollable temper. [an orb
                  | of fire]
 65777 | Zot:5    | HP: 4/273 [Orb Guardian (15)]
 65778 | Zot:5    | Demolished by an Orb Guardian

Skill      XL: |  1  2  3  4  5  6  7  8  9 10 11 12 13 14 15 16 17 18 19 20 21 22 23 24 25 26 27 |
---------------+----------------------------------------------------------------------------------+-----
Axes           | 4 5 6 7 8 10 12 14 16 17 19 20 | 20.0
Fighting       | 4 5 6 7 9 10 12 13 14 16 18 19 20 21 23 24 25 27 | 27.0
Armour         | 3 4 5 6 7 8 10 11 13 14 16 17 18 20 21 22 23 24 25 26 27 | 27.0
Shields        | 6 12 14 16 17 19 20 | 20.0
Dodging        | 4 7 9 10 11 12 14 15 17 19 23 26 27 | 27.0

Action                   |  1- 3 |  4- 6 |  7- 9 | 10-12 | 13-15 | 16-18 | 19-21 | 22-24 | 25-27 || total
-------------------------+-------+-------+-------+-------+-------+-------+-------+-------+-------++-------
Melee: Hand axe          |    51 |   168 |   198 |       |       |       |       |       |       ||   417
       Headbutt          |     7 |    29 |    78 |    91 |   203 |   299 |   366 |   461 |   255 ||  1789
       War axe           |       |       |   135 |   438 |   752 |  1285 |  1170 |  1537 |   819 ||  6136
       Battleaxe         |       |       |       |    76 |       |       |       |       |       ||    76
       Executioner's axe |       |       |       |       |     5 |       |       |       |       ||     5
Throw: Tomahawk          |       |     4 |     1 |       |       |       |       |       |       ||     5
Invok: Berserk           |     1 |     1 |     4 |     6 |    11 |     8 |    10 |     1 |     5 ||    47
       Trog's Hand       |       |       |       |     3 |    10 |    11 |    10 |     4 |     6 ||    44
       Brothers in Arms  |       |       |       |       |       |     3 |       |       |       ||     3
Evoke: Wand              |       |       |       |       |       |    63 |     3 |       |     4 ||    70
       Box of beasts     |       |       |       |       |       |       |       |       |     5 ||     5
       Phantom mirror    |       |       |       |       |       |       |       |       |     2 ||     2
       Lightning rod     |       |       |       |       |       |       |       |       |     1 ||     1
  Use: Scroll            |       |     5 |    13 |     9 |    12 |    15 |    18 |     2 |     2 ||    76
       Potion            |       |       |       |     1 |    18 |    29 |     4 |     1 |     5 ||    58
 Stab: Sleeping          |       |     1 |     1 |       |       |       |       |       |       ||     2
       Distracted        |       |     1 |       |       |       |     1 |     1 |     3 |     3 ||     9
       Petrified         |       |       |       |       |       |     5 |       |       |       ||     5
       Held in net/web   |       |       |       |       |       |       |       |       |     1 ||     1
  Eat: Chunk             |     1 |    36 |    17 |    26 |    20 |    24 |    13 |    18 |     1 ||   156
       Ration            |       |       |       |     3 |     9 |     9 |    10 |     6 |     8 ||    45
Armor: Animal skin       |     5 |       |       |       |       |       |       |       |       ||     5
       Ring mail         |     7 |    71 |    58 |       |       |       |       |       |       ||   136
       Plate armour      |       |       |    77 |   269 |   309 |   203 |   309 |   268 |   234 ||  1669
       Scale mail        |       |       |       |       |     5 |   148 |       |       |       ||   153
       Chain mail        |       |       |       |       |       |     2 |       |       |       ||     2
Dodge: Dodged            |    31 |    89 |   131 |    99 |   267 |   728 |   482 |   581 |   321 ||  2729
       Deflected         |       |       |       |     5 |    15 |    37 |    26 |    35 |    28 ||   146
Block: Other             |       |       |     7 |    30 |     1 |       |       |       |       ||    38
       Reflection        |       |       |     1 |     7 |    20 |    89 |    69 |    91 |    16 ||   293
       Shield            |       |       |       |   174 |   447 |  1083 |   864 |  1130 |    11 ||  3709
       Buckler           |       |       |       |     7 |       |       |       |       |       ||     7
       Large shield      |       |       |       |       |       |       |       |       |  1062 ||  1062
